 Dungeon Crawl Stone Soup version 0.31.0-11-ge490571c62 (webtiles) character file.

Game seed: 3478161636879509077

36 Ashen the Ruffian (level 3, 0/33 HPs)
             Began as a Troll Shapeshifter on Feb 1, 2024.
             Slain by a gnoll
             ... wielding a +0 flail
              (5 damage)
             ... on level 2 of the Dungeon.
             The game lasted 00:01:42 (771 turns).

Ashen the Ruffian (Troll Shapeshifter)               Turns: 771, Time: 00:01:42

Health: 0/33       AC:  4    Str: 22    XL:     3   Next: 19%
Magic:  2/2        EV: 10    Int:  6    God:
Gold:   7          SH:  0    Dex: 11    Spells: 2/2 levels left

rFire   . .          .
                       - Unarmed
rCold   . . .        (no shield)
rNeg    . . .        a - +0 animal skin
rPois   .            (helmet currently unavailable)
rElec   .            (cloak currently unavailable)
rCorr   .            (gloves unavailable)
SInv    .            (boots unavailable)
Will    .....        (no amulet)
Stlth   +            (no ring)
HPRegen 1.05/turn    (no ring)
MPRegen 0.08/turn

%: no passive effects
@: beast-form
A: beast (slay +1), large, unfitting armour, claws 3, regeneration 1, shaggy fur
1, tough skin 1
a: Begin Untransformation


You were on level 2 of the Dungeon.
You were a hulking beast.
You visited 1 branch of the dungeon, and saw 2 of its levels.

You collected 51 gold pieces.
You spent 44 gold pieces at shops.

Inventory:

Armour
 a - a +0 animal skin (worn)
Talismans
 c - a beast talisman
 d - a flux talisman
Scrolls
 e - a scroll of teleportation {unknown}
 f - a scroll of summoning {unknown}
 g - a scroll of fog
 h - 3 scrolls of identify {unknown}
 i - a scroll of revelation {unknown}
 j - a scroll of fear {unknown}
 k - a scroll of torment {unknown}
Potions
 b - a potion of lignification
 l - a potion of mutation {unknown}


   Skills:
 + Level 1.3 Fighting
 + Level 2.0 Dodging
 + Level 3.3 Unarmed Combat
 + Level 3.3 Shapeshifting


You had 2 spell levels left.
You didn't know any spells.
Your spell library contained the following spells:

 Spells                   Type           Power      Damage    Failure   Level
 Blink                    Tloc           0%         N/A       58%         2
 Lesser Beckoning         Tloc           0%         N/A       58%         2
 Momentum Strike          Conj/Tloc      0%         3d8       58%         2


Dungeon Overview and Level Annotations

Branches:
Dungeon (2/15)

Altars:

Shops:
D:1 ?[=


Innate Abilities, Weirdness & Mutations

You are a hulking beast.
Your limbs bulge with bestial killing power. (Slay +1)
You are too large for most types of armour.
You have claws for hands.
Your natural rate of healing is unusually fast.
You are covered in fur. (AC +1)
You have tough skin. (AC +1)


Message History

You see here a throwing net.
You struggle against the net.
A gnoll comes into view.
It is wielding a +0 whip and quivering a throwing net.
You struggle against the net.
You struggle against the net.
The gnoll hits you from afar with a +0 halberd.
You rip the net and break free!
The gnoll hits you from afar with a +0 halberd.
The gnoll attacks as it pursues you! The gnoll barely misses you.
The gnoll attacks as it pursues you! The gnoll barely misses you.
The gnoll attacks as it pursues you! The gnoll barely misses you.
The gnoll throws a throwing net.
The throwing net closely misses you. The gnoll attacks as it pursues you!
The gnoll closely misses you.
You see here a throwing net.
You barely miss the gnoll. The gnoll hits you with a +0 whip.
You claw the gnoll!
You kill the gnoll!
You have reached level 3!
Your experience leads to an increase in your attributes!
Increase (S)trength, (I)ntelligence, or (D)exterity?
You feel agile. x2; You feel stronger.
You closely miss the gnoll. You closely miss the gnoll.
The gnoll barely misses you.
You claw the gnoll!
The gnoll is heavily wounded.
The gnoll hits you with a +0 whip! The gnoll closely misses you.
You barely miss the gnoll.
The gnoll is heavily wounded.
The gnoll closely misses you. The gnoll hits you with a +0 whip.
You scratch the gnoll.
The gnoll is almost dead.
The gnoll hits you with a +0 flail.
The gnoll hits you from afar with a +0 halberd!
* * * LOW HITPOINT WARNING * * *
The gnoll misses you. The gnoll attacks as it pursues you!
The gnoll barely misses you.
You closely miss the gnoll. Your claw misses the gnoll.
The gnoll is almost dead.
The gnoll hits you with a +0 flail.
You die...

#####...#.#######
................#
.####.....#####.#
##....# #.#
#....# #.#
#######....# #.#
##..).##...## #.#
#...#gg....# #.#
#..g#.h....# #.#
##g..#.###.## #.#
#...##.# #.# #.#
##..g##.# #.#
###.# #...#####
#.# #...# ##...#
### #.# #.###
##...## #.###.#
#.# #...##
##.##.# #.#
#...##
##.#.#####.#


You could see 2 gnolls.

Vanquished Creatures
  2 gnolls
  A bat (D:1)
  3 endoplasms (D:1)
  2 giant cockroaches
  2 hobgoblins (D:2)
  2 kobolds (D:1)
  A quokka (D:1)
  A ball python (D:1)
  A goblin (D:1)
  A rat (D:1)
16 creatures vanquished.

Notes
Turn   | Place    | Note
-------+----------+-------------------------------------------
     0 | D:1      | Ashen the Troll Shapeshifter began the quest for the Orb.
     0 | D:1      | Reached XP level 1. HP: 18/18 MP: 0/0
    11 | D:1      | Found Subenox's Armour Shop.
    78 | D:1      | Reached skill level 1 in Fighting
    78 | D:1      | Reached XP level 2. HP: 16/27 MP: 1/1
   139 | D:1      | Found Sic Toits's Magic Scroll Emporium.
   145 | D:1      | Bought a scroll of fog for 44 gold pieces
   288 | D:1      | Found Zoudon's Jewellery Shop.
   764 | D:2      | Reached XP level 3. HP: 27/33 MP: 2/2
   771 | D:2      | Slain by a gnoll

Illustrated notes

Levels and vault maps discovered:
D:1:      ldierk_walled_garden_2, layout_loops_cross, serial_shops,
          nicolae_shop_waterfront, nicolae_shop_tiny_real_fake_doors,
          nicolae_shop_real_fake_doors
D:2:      layout_loops_ring, eino_curves_01, nrook_mini_backslash, hex_medium

Skill      XL: |  1  2 |
---------------+-------+-----
Fighting       | 1 |  1.3
Dodging        | 2 |  2.0
Unarmed Combat | |  3.3
Shapeshifting  | |  3.3

Action                     || total
---------------------------++-------
  Melee: Unarmed           ||    40
   Stab: Sleeping          ||     1
 Armour: Animal skin       ||    26
  Dodge: Dodged            ||    22
